 Dungeon Crawl Stone Soup version 0.29-a0-824-gd827844252 (webtiles) character file.

Game seed: 4592889159735317618

46 coolguy69 the Trooper (level 3, -1/20 HPs)
             Began as a Vine Stalker Monk on July 10, 2022.
             Slain by a goblin
             ... wielding a +0 club
              (2 damage)
             ... on level 2 of the Dungeon.
             The game lasted 00:00:45 (1478 turns).

coolguy69 the Trooper (Vine Stalker Monk)           Turns: 1478, Time: 00:00:46

Health: -1/20      AC:  2    Str: 15    XL:     3   Next: 66%
Magic:  0/4        EV: 13    Int: 10    God:
Gold:   105        SH:  0    Dex: 16    Spells: 2/2 levels left

rFire   . . .      SeeInvis +   a - +0 short sword
rCold   . . .      Faith    .   (no shield)
rNeg    . . .      Spirit   +   b - +0 robe
rPois   .          Reflect  .   (no helmet)
rElec   .          Harm     .   (no cloak)
rCorr   .          Rampage  .   (no gloves)
Will    .....                   (no boots)
Stlth   ++........              (no amulet)
HPRegen 0.06/turn               k - ring of see invisible
MPRegen 0.09/turn               (no ring)

@: no status effects
A: fangs 2, magic shield, antimagic bite, no potion heal 2
a: no special abilities


You were on level 2 of the Dungeon.
You visited 1 branch of the dungeon, and saw 2 of its levels.

You collected 105 gold pieces.

Inventory:

Hand Weapons
 a - a +0 short sword (weapon)
Armour
 b - a +0 robe (worn)
Jewellery
 k - a ring of see invisible (left hand)
Scrolls
 d - a scroll of magic mapping {unknown}
 e - a scroll of immolation {unknown}
 f - 2 scrolls of fear {unknown}
 g - a scroll of enchant weapon {unknown}
 i - a scroll of identify {unknown}
 j - a scroll of silence {unknown}
 l - a scroll of amnesia {unknown}
Potions
 c - a potion of ambrosia
 h - a potion of heal wounds {unknown}


   Skills:
 + Level 3.1 Fighting
 + Level 3.1 Short Blades
 + Level 2.8 Dodging
 + Level 2.9 Stealth


You had 2 spell levels left.
You didn't know any spells.
Your spell library contained the following spells:

 Spells                   Type           Power      Damage    Failure   Level
 Call Canine Familiar     Summ           0%         N/A       75%         3
 Portal Projectile        Hex/Tloc       0%         N/A       75%         3
 Leda's Liquefaction      Hex/Erth       0%         N/A       98%         4


Dungeon Overview and Level Annotations

Branches:
Dungeon (2/15)

Altars:


Innate Abilities, Weirdness & Mutations

You have extremely sharp teeth.
When hurt, damage is shared between your health and your magic reserves.
Your bite disrupts and absorbs the magic of your enemies.
Potions cannot restore your health.


Message History

Jessica gestures wildly while chanting.
Jessica blinks!
You barely miss Jessica. Jessica hits you with a +0 club.
Jessica barely misses you.
You completely miss Jessica. The goblin closely misses you.
Jessica hits you with a +0 club.
You hit Jessica. You bite Jessica.
Jessica's magic leaks into the air.
You drain her magic.
You feel invigorated.
Jessica is severely wounded.
Jessica hits you with a +0 club. The goblin hits you with a +0 club.
* * * LOW HITPOINT WARNING * * *
You are too injured to fight recklessly!
You are too injured to fight recklessly!
You are too injured to fight recklessly!
You are too injured to fight recklessly!
You are too injured to fight recklessly!
You are too injured to fight recklessly!
You are too injured to fight recklessly!
You are too injured to fight recklessly!
Jessica hits you with a +0 club.
* * * LOW HITPOINT WARNING * * *
Jessica closely misses you.
You hit Jessica. You bite Jessica, but do no damage.
Jessica is almost dead.
Jessica falters for a moment.
The goblin barely misses you.
You closely miss Jessica. You bite Jessica.
You kill Jessica!
The goblin closely misses you.
You have reached level 3!
Your experience leads to an increase in your attributes!
Increase (S)trength, (I)ntelligence, or (D)exterity?
You feel stronger. x2
You hit the goblin.
The goblin is severely wounded.
The goblin hits you with a +0 club.
* * * LOW HITPOINT WARNING * * *
You miss the goblin. Your bite misses the goblin.
The goblin is severely wounded.
The goblin hits you with a +0 club.
You die...

.. ##.#####.###.#. #.#
#.# #.#. ########)# #.#
#.#. .........# #.# #.#.
###..###.#####.# #.#.
###..###.......# #...
...........##.#####. #.#
#).#####.##.#.#####
.....##g@#####.#.###.....
#..............##.#.#####
##################.## #.#
#.# #.# #.# ###.# #...#


You could see a goblin.

Vanquished Creatures
  Jessica (D:2)
  A ball python (D:1)
  3 endoplasms
  4 goblins (D:2)
  7 bats
  A kobold (D:2)
  2 rats (D:1)
19 creatures vanquished.

Notes
Turn   | Place    | Note
-------+----------+-------------------------------------------
     0 | D:1      | coolguy69 the Vine Stalker Monk began the quest for the
                  | Orb.
     0 | D:1      | Reached XP level 1. HP: 11/11 MP: 2/2
   510 | D:1      | Reached XP level 2. HP: 16/16 MP: 3/3
   524 | D:1      | Found a faded altar of an unknown god.
  1465 | D:2      | Noticed Jessica
  1476 | D:2      | Killed Jessica
  1477 | D:2      | Reached XP level 3. HP: 2/20 MP: 1/4
  1477 | D:2      | HP: 1/20 [goblin/+0 club (1)]
  1478 | D:2      | Slain by a goblin

Illustrated notes

Levels and vault maps discovered:
D:1:      amcnicky_arrival_wind_blow, layout_basic,
          ebering_ecumenical_altar_sacrificial
D:2:      layout_loops_cross, uniq_jessica

Skill      XL: |  1  2 |
---------------+-------+-----
Fighting       | 3 |  3.1
Short Blades   | 3 |  3.1
Dodging        | |  2.8
Stealth        | |  2.9

Action                   || total
-------------------------++-------
Melee: Short sword       ||    39
       Bite              ||    11
 Stab: Sleeping          ||     5
Armor: Robe              ||     4
Dodge: Dodged            ||    35

Table legend: (Time is in decaauts)
 A = Elapsed time spent in this place.
 B = Non-inter-level travel time spent in this place.
 C = Inter-level travel time spent in this place.
 D = Time resting spent in this place.
 E = Time spent auto-exploring this place.
 F = Levels seen in this place.
 G = Mean time per level.
                   A        B        C        D        E       F      G
               +--------+--------+--------+--------+--------+-----+--------+
         Total |   1475 |   1456 |     19 |    375 |    930 |   2 |  737.5 |
       Dungeon |   1475 |   1456 |     19 |    375 |    930 |   2 |  737.5 |
               +--------+--------+--------+--------+--------+-----+--------+

Top non-repeatable levels by time:
     D:1: 769 daAuts
     D:2: 706 daAuts
